Map: New Repugnancy LE

Players

Reynor

  • Race: Zerg Zerg
  • Spawn Location: 7:00

SpeCial - Winner!

  • Race: Terran Terran
  • Spawn Location: 1:00

Event: 2019 WCS Summer

VOD

Have the link to the VOD?

Description

Time

  • Played on: July 14, 2019, 7:43 a.m.
  • Length: 13:09

All games in this series

Show
View Real Time Build Order
Export as new Build Order

Reynor Zerg 

Build Orders: Hatch First 

Get SALT Encoding   

  12  0:00  Drone  
  13  0:12  Overlord  
  13  0:17  Drone  
  14  0:30  Drone x2  
  16  0:47  Hatchery  
  15  0:51  Drone  
  15  0:54  Drone  
  17  0:58  Drone  
  18  1:07  Extractor  
  17  1:13  Spawning Pool  
  17  1:16  Drone  
  17  1:20  Drone  
  18  1:27  Drone  
  19  1:38  Drone  
  20  1:48  Overlord  
  20  2:00  Zergling x4  
  20  2:01  Queen x2  
  26  2:10  Drone x2  
  28  2:21  Drone x2  
  29  2:31  Drone  
  29  2:32  Metabolic Boost, Drone  
  29  2:36  Queen  
  31  2:42  Overlord  
  32  2:45  Drone  
  33  2:57  Drone x2  
  35  3:03  Drone  
  35  3:04  Hatchery  
  35  3:05  Drone  
  36  3:13  Drone x2  
  36  3:14  Zergling x2  
  36  3:16  Drone x2  
  41  3:24  Overlord  
  41  3:27  Queen  
  41  3:28  Drone  
  44  3:37  Overlord  
  44  3:43  Drone x3  
  44  3:44  Drone  
  44  3:47  Zergling x4  
  50  3:50  Drone x2  
  50  3:55  Overlord  
  52  3:57  Baneling Nest  
  52  3:59  Drone  
  52  4:04  Zergling x2, Queen  
  55  4:10  Overlord  
  55  4:12  Drone  
  56  4:21  Drone x2  
  56  4:22  Drone x2  
  56  4:23  Queen  
  61  4:26  Zergling x2  
  61  4:28  Drone  
  61  4:30  Drone  
  64  4:32  Spore Crawler  
  64  4:33  Zergling x2  
  64  4:36  Overlord  
  64  4:40  Zergling x2  
  64  4:41  Drone x2  
  64  4:42  Drone  
  68  4:47  Baneling x2  
  68  4:49  Zergling x2  
  68  4:51  Overlord  
  68  4:52  Drone x2  
  70  4:53  Lair  
  70  4:56  Spore Crawler  
  70  4:58  Drone x3  
  72  5:02  Extractor x2, Spore Crawler  
  72  5:04  Drone x3  
  72  5:08  Baneling x2  
  72  5:10  Drone x3  
  72  5:11  Drone  
  76  5:16  Baneling x4  
  76  5:18  Overlord  
  76  5:22  Zergling x10  
  81  5:33  Overlord  
  81  5:36  Queen  
  82  5:43  Zergling x2, Spine Crawler  
  82  5:46  Overlord  
  82  5:47  Overlord x2  
  82  5:49  Zergling x2  
  82  5:51  Centrifical Hooks  
  82  5:52  Extractor  
  82  5:53  Zergling x8  
  82  5:54  Drone  
  82  5:56  Zergling x8  
  90  6:04  Overlord  
  90  6:08  Spine Crawler  
  90  6:10  Drone x4  
  90  6:11  Drone  
  95  6:15  Zergling x6  
  91  6:19  Baneling x4  
  91  6:20  Baneling x3  
  91  6:22  Drone x3  
  91  6:24  Zergling x2  
  91  6:25  Queen  
  97  6:27  Zergling x6  
  97  6:28  Spine Crawler  
  97  6:32  Evolution Chamber  
  96  6:33  Spine Crawler  
  96  6:34  Zergling x8  
  96  6:39  Zergling x2  
  100  6:42  Queen  
  100  6:47  Zergling x10  
  99  6:49  Queen  
  101  6:58  Zergling x12  
  101  6:59  Baneling  
  101  7:00  Baneling x2  
  100  7:03  Zergling x6  
  100  7:04  Zerg Ground Armor Level 1  
  102  7:09  Zergling x6  
  102  7:12  Baneling x6  
  104  7:15  Drone x2  
  104  7:16  Drone  
  104  7:18  Extractor  
  104  7:19  Hydralisk Den  
  105  7:23  Overlord  
  105  7:27  Drone  
  105  7:28  Drone x4  
  110  7:31  Baneling x3  
  110  7:40  Drone x6  
  110  7:42  Extractor  
  115  7:44  Hatchery, Evolution Chamber  
  115  7:45  Overlord  
  113  7:55  Hydralisk x2  
  109  7:58  Hydralisk  
  109  7:59  Zergling x2  
  109  8:05  Hydralisk  
  110  8:09  Hydralisk x2  
  110  8:10  Infestation Pit  
  110  8:11  Hydralisk x2  
  110  8:12  Zergling x8  
  121  8:23  Drone x5  
  121  8:25  Drone  
  125  8:36  Hydralisk x3  
  115  8:44  Hydralisk x5  
  118  8:52  Hydralisk  
  118  8:53  Zergling x4  
  119  8:58  Hydralisk x2, Zergling x2  
  119  8:59  Zergling x8  
  119  9:01  Zerg Missile Weapons Level 1  
  128  9:07  Hive  
  128  9:08  Muscular Augments  
  126  9:10  Hydralisk, Zergling x6  
  126  9:15  Zerg Ground Armor Level 2  
  126  9:16  Hydralisk  
  133  9:17  Zergling x2  
  133  9:20  Baneling x5  
  133  9:21  Drone x2  
  136  9:24  Overlord  
  136  9:26  Hydralisk  
  136  9:29  Baneling x4  
  135  9:40  Drone  
  135  9:41  Drone x4  
  135  9:43  Extractor  
  135  9:44  Extractor  
  135  9:45  Drone x3  
  141  9:46  Zergling x10  
  146  9:57  Hydralisk  
  146  9:58  Zergling x6  
  147  10:02  Hydralisk  
  147  10:03  Zergling x2  
  147  10:06  Hydralisk  
  136  10:07  Zergling x4  
  136  10:13  Drone  
  132  10:15  Drone x4  
  132  10:18  Drone  
  132  10:20  Viper x3, Grooved Spines  
  146  10:23  Zergling x6  
  146  10:24  Zergling x2  
  146  10:31  Hydralisk, Zergling x4  
  146  10:35  Overlord  
  150  10:40  Evolution Chamber, Overlord  
  149  10:43  Evolution Chamber  
  149  10:47  Hydralisk x4  
  151  10:54  Hydralisk x4  
  159  11:00  Drone x9  
  165  11:14  Hatchery  
  165  11:15  Baneling x12  
  164  11:19  Hydralisk  
  164  11:20  Zergling x4  
  164  11:21  Overlord  
  164  11:24  Hydralisk x2  
  164  11:25  Zergling x6  
  157  11:39  Hydralisk x7  
  155  11:45  Hydralisk  
  155  11:46  Zergling x8  
  166  11:47  Zergling x2  
  166  11:48  Zergling x2  
  167  11:59  Hydralisk, Zergling x2  
  167  12:00  Zergling x10  
  148  12:06  Viper x2  
  148  12:08  Hydralisk, Zergling x2  
  141  12:13  Hydralisk  
  141  12:14  Zergling x2  
  129  12:18  Hydralisk  
  129  12:20  Hydralisk  
  129  12:21  Hydralisk  
  129  12:22  Overlord  
  114  12:28  Hydralisk  
  114  12:29  Zergling x4  
  107  12:34  Hatchery  
  107  12:35  Hydralisk  
  107  12:36  Viper  
  102  12:42  Hydralisk  
  102  12:44  Hydralisk  
  107  12:51  Baneling x2  
Show
View Real Time Build Order
Export as new Build Order

SpeCial Terran - Winner!

Build Orders: 2 Factory, Hellion Opening, Reaper Expand, Mech 

Get SALT Encoding   

  12  0:00  SCV  
  13  0:12  SCV  
  14  0:17  Supply Depot  
  14  0:24  SCV  
  15  0:39  SCV  
  15  0:40  Barracks  
  16  0:44  Refinery  
  16  0:51  SCV  
  17  1:03  SCV  
  18  1:15  SCV  
  19  1:27  Reaper  
  19  1:29  Orbital Command  
  20  1:40  Command Center  
  20  1:50  Supply Depot  
  20  1:55  SCV  
  20  1:59  Marine  
  22  2:05  Factory  
  22  2:07  SCV  
  23  2:14  Refinery  
  23  2:19  SCV  
  23  2:21  Barracks Reactor  
  24  2:31  SCV  
  25  2:44  SCV  
  26  2:49  Factory  
  26  2:55  Orbital Command  
  26  2:56  SCV  
  27  3:02  Hellion x2  
  27  3:04  Marine  
  32  3:08  SCV  
  33  3:15  Supply Depot  
  33  3:20  SCV x2  
  33  3:23  Hellion  
  33  3:25  Hellion  
  39  3:32  Marine, SCV  
  41  3:34  Factory Tech Lab  
  41  3:36  SCV  
  41  3:39  Supply Depot  
  42  3:44  SCV  
  42  3:47  Hellion  
  45  3:48  SCV  
  45  3:49  Hellion  
  45  3:54  Cyclone  
  51  3:56  SCV  
  51  4:01  SCV  
  53  4:04  Supply Depot  
  53  4:07  Infernal Pre-Igniter  
  53  4:08  SCV  
  54  4:13  SCV  
  55  4:20  SCV  
  55  4:21  Hellion  
  55  4:22  Hellion  
  60  4:25  SCV  
  60  4:27  Supply Depot  
  60  4:29  Cyclone  
  64  4:32  SCV  
  64  4:37  SCV  
  66  4:43  Hellion x2  
  70  4:48  SCV  
  70  4:49  SCV  
  72  4:57  Supply Depot  
  72  5:00  SCV  
  72  5:01  SCV, Cyclone  
  77  5:09  Command Center  
  77  5:11  Supply Depot  
  77  5:12  Refinery x2  
  77  5:16  SCV  
  77  5:18  SCV  
  77  5:19  Hellion x2  
  83  5:26  Armory  
  83  5:28  Mag-Field Accelerator  
  83  5:36  Armory, Supply Depot  
  83  5:41  Cyclone, Hellion x2  
  90  5:43  SCV x2  
  92  5:52  Supply Depot  
  92  5:54  Barracks Tech Lab  
  92  5:56  SCV  
  93  5:58  Factory  
  93  5:59  SCV  
  94  6:08  SCV  
  95  6:18  Hellion x2  
  95  6:19  Cyclone  
  95  6:21  SCV x2  
  100  6:27  Terran Vehicle And Ship Armor Level 1, Terran Vehicle Weapons Level 1  
  98  6:34  Orbital Command  
  98  6:37  SCV  
  98  6:39  Hellion x2  
  101  6:41  SCV  
  95  6:51  Orbital Command, SCV, Factory x2  
  95  6:53  SCV  
  95  6:58  Supply Depot  
  95  7:01  Hellion x2  
  99  7:04  SCV  
  99  7:05  SCV  
  101  7:16  SCV  
  101  7:18  SCV  
  101  7:22  Hellion x2  
  107  7:25  Siege Tank x2  
  107  7:28  SCV  
  107  7:29  SCV  
  115  7:30  SCV  
  116  7:37  Factory Tech Lab, Factory Reactor  
  116  7:39  Refinery x2  
  116  7:40  SCV, Supply Depot  
  116  7:41  SCV  
  116  7:42  SCV  
  119  7:44  Supply Depot  
  119  7:47  Hellion x2  
  92  8:05  SCV  
  92  8:06  SCV x2  
  92  8:10  Siege Tank x2, Hellion x2  
  103  8:18  SCV x3  
  106  8:22  Hellion  
  108  8:30  Terran Vehicle Weapons Level 2, SCV x3  
  111  8:39  Terran Vehicle And Ship Armor Level 2  
  104  8:42  SCV x3  
  104  8:43  Hellion x2  
  111  8:54  SCV x3  
  112  9:01  Siege Tank  
  112  9:02  Siege Tank  
  115  9:05  Siege Tank  
  115  9:06  SCV x3  
  121  9:18  SCV x3, Supply Depot x2  
  121  9:21  Hellion x2  
  121  9:23  Supply Depot  
  128  9:30  SCV x3  
  135  9:31  Hellion x2  
  135  9:36  Siege Tank x2  
  137  9:42  Hellion  
  137  9:43  Hellion  
  143  9:53  Command Center, Hellion  
  143  9:54  Hellion x2  
  145  10:04  Hellion  
  138  10:08  Siege Tank  
  138  10:12  Hellion x2  
  135  10:14  Hellion  
  135  10:15  Siege Tank  
  136  10:25  Hellion  
  136  10:27  Hellion  
  138  10:33  Siege Tank  
  138  10:34  Hellion  
  140  10:35  Hellion  
  140  10:39  Factory  
  140  10:40  Factory x2  
  140  10:42  SCV  
  141  10:46  Hellion  
  141  10:47  Hellion x2  
  147  10:57  Hellion  
  147  10:58  SCV  
  148  11:06  Cyclone  
  148  11:07  Command Center  
  148  11:08  Cyclone  
  148  11:09  Supply Depot, Cyclone  
  157  11:12  Hellion  
  157  11:13  Hellion x2  
  165  11:18  Hellion  
  161  11:32  Hellion  
  159  11:35  Hellion  
  159  11:38  Cyclone  
  155  11:40  Factory Tech Lab  
  155  11:41  Factory Reactor  
  155  11:42  Hellion x3  
  155  11:43  SCV x2  
  155  11:44  SCV  
  155  11:46  Hellion x2  
  168  11:53  Hellion  
  170  11:57  Hellion  
  150  12:01  Siege Tank  
  150  12:03  Hellion x2  
  150  12:04  Hellion  
  150  12:07  Siege Tank  
  150  12:08  Cyclone  
  162  12:13  Hellion  
  162  12:15  SCV x3, Hellion  
  147  12:19  Hellion  
  140  12:29  Hellion  
  142  12:32  Hellion  
  142  12:33  Cyclone  
  142  12:35  SCV x3, Cyclone  
  153  12:39  Hellion  
  155  12:44  Hellion x2  
  155  12:45  Factory Tech Lab, Hellion  
  161  12:52  Engineering Bay  
Tags
 
Add a new tag
Caveats
  • Supply blocks, unpowered buildings, or Contaminate may cause inaccurate times.
  • Supply counts are checked every 10 seconds.